 Dungeon Crawl Stone Soup version 0.20-a0-345-gbfb25ec (webtiles) character file.

333 Jivvin the Carver (level 6, 0/51 HPs)
             Began as a Minotaur Monk on Dec 22, 2016.
             Slain by a water moccasin (4 damage)
             ... on level 5 of the Dungeon.
             The game lasted 00:02:56 (3229 turns).

Jivvin the Carver (Minotaur Monk)                   Turns: 3229, Time: 00:02:56

Health: 0/51       AC:  5    Str: 21    XL:     6   Next: 27%
Magic:  5/5        EV: 13    Int:  7    God:
Gold:   169        SH:  0    Dex: 14    Spells: 5/5 levels left

rFire  . . .     SeeInvis .     k - +0 long sword
rCold  . . .     Gourm    .     u - +0 leather armour
rNeg   . . .     Faith    .     (no shield)
rPois  .         Spirit   .     (helmet restricted)
rElec  .         Reflect  .     (no cloak)
rCorr  .         Harm     .     q - +1 pair of gloves
MR     +....                    (no boots)
Stlth  ++........               (no amulet)
                                (no ring)
                                n - ring of protection from magic

@: mighty
A: retaliatory headbutt, horns 2
a: no special abilities


You were on level 5 of the Dungeon.
You were not hungry.

You visited 1 branch of the dungeon, and saw 5 of its levels.

You collected 169 gold pieces.

Inventory:

Hand Weapons
 k - a +0 long sword (weapon)
Armour
 q - a +1 pair of gloves (worn)
 u - a +0 leather armour (worn)
Jewellery
 n - a ring of protection from magic (left hand)
Wands
 l - a wand of random effects (31/48)
Scrolls
 a - a scroll of enchant armour
 b - a scroll of immolation {unknown}
 g - a scroll of blinking
 j - a scroll of identify
 o - a scroll of amnesia {unknown}
Potions
 e - a potion of cancellation
 h - a potion of magic
 m - a potion of haste {unknown}
 s - a potion of ambrosia {unknown}
Comestibles
 c - 3 bread rations
 f - 5 meat rations
 p - 2 chunks of flesh


   Skills:
 - Level 3.6 Fighting
 + Level 8.5 Long Blades
 - Level 3.2 Dodging
 - Level 1.5 Stealth


You had 5 spell levels left.
You didn't know any spells.

Dungeon Overview and Level Annotations

Branches:
Dungeon (5/15)
 Temple: D:4-7

Altars:
Ashenzari
Elyvilon
Hepliaklqana
Okawaru
Vehumet
Xom

Annotations:
D:4 Grinder


Innate Abilities, Weirdness & Mutations

You reflexively headbutt those who attack you in melee.
You have a pair of horns on your head.


Message History

A crimson imp comes into view.
The water moccasin hisses angrily.
Found 14 gold pieces.
You closely miss the hound.
The crimson imp shouts!
Your headbutt misses the hound. The hound closely misses you.
The hound bites you.
* * * LOW HITPOINT WARNING * * *
Unknown command.
You barely miss the hound. The hound bites you but does no damage.
Unknown command.
You closely miss the hound. Your headbutt misses the hound.
The hound completely misses you.
The crimson imp blinks!
The hound bites you.
* * * LOW HITPOINT WARNING * * *
The water moccasin barely misses you.
Unknown command.
You slice the hound!!
You kill the hound!
The water moccasin bites you.
You die...

##....########
$.#............#
..#............#
.._............#
..#............###
..#...............
.###.._....)......
.###...†.........#
.###...@S......#.#
..§.............!#
.....####.........
.... #.........
... #......... ..
#......... .
######.#+# ..


You could see a water moccasin.

Vanquished Creatures
  An ogre (D:5)
  A hound (D:5)
  A worker ant (D:4)
  Robin (D:2)
  4 gnolls (D:3)
  5 adders
  2 oozes
  3 worms (D:3)
  2 dart slugs
  6 leopard geckos
  An orc (D:3)
  7 bats
  5 giant cockroaches
  9 hobgoblins
  2 jackals (D:3)
  5 kobolds
  2 quokkas (D:2)
  2 ball pythons (D:1)
  5 frilled lizards
  13 goblins
  5 rats
  A fungus (D:1)
83 creatures vanquished.

Notes
Turn   | Place    | Note
-------+----------+-------------------------------------------
     0 | D:1      | Jivvin the Minotaur Monk began the quest for the Orb.
     0 | D:1      | Reached XP level 1. HP: 19/19 MP: 0/0
    71 | D:1      | Reached skill level 4 in Long Blades
   195 | D:1      | Reached XP level 2. HP: 24/26 MP: 1/1
   837 | D:1      | Reached skill level 5 in Long Blades
   837 | D:1      | Reached XP level 3. HP: 28/31 MP: 2/2
  1100 | D:2      | Noticed Robin
  1563 | D:2      | Killed Robin
  1563 | D:2      | Reached skill level 6 in Long Blades
  1563 | D:2      | Reached XP level 4. HP: 20/39 MP: 3/3
  2217 | D:3      | Reached XP level 5. HP: 24/45 MP: 4/4
  2220 | D:3      | Reached skill level 7 in Long Blades
  2717 | D:3      | Found a shimmering altar of Xom.
  2719 | D:3      | Found a radiant altar of Vehumet.
  2719 | D:3      | Found a shimmering altar of Xom.
  2725 | D:3      | Found a hazy altar of Hepliaklqana.
  2725 | D:3      | Found an iron altar of Okawaru.
  2725 | D:3      | Found a shimmering altar of Xom.
  3199 | D:4      | Noticed Grinder
  3201 | D:4      | Noticed an ogre
  3216 | D:4      | HP: 1/45 [ogre/giant club (4)]
  3217 | D:5      | Entered Level 5 of the Dungeon
  3217 | D:5      | Found a white marble altar of Elyvilon.
  3217 | D:5      | Noticed a water moccasin
  3221 | D:5      | Killed an ogre
  3221 | D:5      | Reached skill level 8 in Long Blades
  3221 | D:5      | Reached XP level 6. HP: 10/51 MP: 5/5
  3223 | D:5      | Found a shattered altar of Ashenzari.
  3229 | D:5      | Slain by a water moccasin

Vault maps used:
D:1:      lemuel_arrival_cross, minmay_gold_behind_fungi,
          minmay_misc_feat_ornament
D:2:      uniq_robin
D:3:      doesnt_xom_only_xom
D:4:      first_bread, uniq_grinder, uniq_edmund
D:5:      overflow_temple_1_default, cheibrodos_ashenzari_chains

Skill      XL: |  1  2  3  4  5 |
---------------+----------------+-----
Long Blades    | 4 5 6 8 |  8.5
Fighting       | |  3.6
Dodging        | |  3.2
Stealth        | |  1.5

Action                   |  1- 3 |  4- 6 || total
-------------------------+-------+-------++-------
Melee: Falchion          |    64 |       ||    64
       Headbutt          |    19 |    18 ||    37
       Long sword        |    23 |    87 ||   110
  Use: Scroll            |       |     8 ||     8
       Potion            |       |     6 ||     6
 Stab: Sleeping          |     4 |     5 ||     9
  Eat: Chunk             |     2 |     5 ||     7
Armor: Robe              |     9 |     6 ||    15
       Leather armour    |       |    15 ||    15
Dodge: Dodged            |    56 |    65 ||   121
       Rpst.: Falchion   |    11 |       ||    11
       Long sword        |     7 |    14 ||    21
